 Dungeon Sprint DCSS version 0.27.1-33-g824d729ab1 (webtiles) character file.

Game seed: 7363149396842525799

6498 Hipnos the Imperceptible (level 10, -2/49 HPs)
             Began as a Spriggan Enchanter on Nov 26, 2021.
             Was a High Priest of Makhleb.
             Shot with an arrow by a centaur warrior (14 damage)
             ... in the Dungeon (Sprint I: "Red Sonja").
             The game lasted 00:08:40 (1731 turns).

Hipnos the Imperceptible (Spriggan Enchanter)       Turns: 1731, Time: 00:08:41

Health: -2/49      AC:  2    Str:  4    XL:     10   Next: 68%
Magic:  25/25      EV: 24    Int: 16    God:    Makhleb [*****.]
Gold:   1025       SH:  0    Dex: 20    Spells: 17/29 levels left

rFire    . . .     SeeInvis +   j - +1 dagger (venom)
rCold    . . .     Faith    +   (shield restricted)
rNeg     . . .     Spirit   .   b - +0 robe
rPois    .         Reflect  .   (helmet restricted)
rElec    .         Harm     .   (no cloak)
rCorr    .         Rampage  .   (gloves unavailable)
Will     +....     NoTele   +   (boots unavailable)
Stlth    +++++++++.             k - amulet of faith
HPRegen  0.16/turn              (no ring)
MPRegen  0.19/turn              (no ring)

@: very quick
A: very small, no large weapons, unfitting armour, see invisible, speed 3
a: Renounce Religion, Minor Destruction, Lesser Servant of Makhleb, Major
Destruction, Greater Servant of Makhleb


You were in the Dungeon.
You worshipped Makhleb.
Makhleb was extremely pleased with you.
You visited 1 branch You collected 1025 gold pieces.

Inventory:

Hand Weapons
 a - a +1 dagger
 j - a +1 dagger of venom (weapon)
Armour
 b - a +0 robe (worn)
Jewellery
 k - an amulet of faith (around neck)
Scrolls
 d - a scroll of immolation {unknown}
 l - a scroll of amnesia {unknown}
 m - a scroll of enchant armour {unknown}
Potions
 c - 4 potions of curing
 e - 2 potions of haste
 f - 2 potions of magic
 g - a potion of berserk rage
 i - a potion of brilliance {unknown}


   Skills:
 + Level 4.1 Fighting
 + Level 7.5 Short Blades
 + Level 9.1 Dodging
 + Level 24.9 Stealth
 + Level 10.1 Spellcasting
 + Level 12.5 Hexes
 + Level 3.3 Ice Magic
 * Level 5.2 Invocations


You had 17 spell levels left.
You knew the following spells:

 Your Spells              Type           Power      Damage    Failure   Level
a - Corona                Hex            53%        N/A       1%          1
b - Ensorcelled Hibernat  Hex/Ice        66%        N/A       1%          2
c - Confusing Touch       Hex            48%        N/A       1%          3
d - Tukima's Dance        Hex            48%        N/A       1%          3
e - Dazzling Flash        Conj/Hex       56%        N/A       1%          3

Your spell library contained the following spells:

 Spells                   Type           Power      Damage    Failure   Level


Dungeon Overview and Level Annotations

Branches:
Dungeon (1/1)

Altars:
Cheibriados
Dithmenos
Elyvilon
Fedhas
Gozag
Hepliaklqana
Kikubaaqudgha
Makhleb
Nemelex Xobeh
Okawaru
Qazlal
Ru
Sif Muna
Trog
Uskayaw
Vehumet
Wu Jian
Xom
Yredelemnul
Zin
The Shining One
Jiyva
Lugonu

Shops:
D ?[[


Innate Abilities, Weirdness & Mutations

You are very small and have problems with some larger weapons.
You are too small for most types of armour.
You have supernaturally acute eyesight. (SInv)
You cover ground extremely quickly. (Speed+++)


Message History

Something kicks your cacodemon but does no damage.
Something hits your cacodemon!
Something completely misses your cacodemon.
Your cacodemon hits the centaur warrior!!
Your cacodemon hits the centaur warrior.
The centaur warrior hits your cacodemon but does no damage.
The centaur warrior kicks your cacodemon but does no damage.
There is an open door here.
The centaur warrior wields a +0 shortbow.
The centaur warrior shoots an arrow.
The arrow hits your cacodemon!
The centaur warrior hits your cacodemon.
The centaur warrior kicks your cacodemon.
Your cacodemon gestures at the centaur warrior.
The centaur warrior appears confused.
The centaur warrior hits your cacodemon.
The centaur warrior kicks your cacodemon.
The centaur warrior shoots an arrow.
The arrow hits your cacodemon.
Your cacodemon hits the centaur warrior.
Your cacodemon hits the centaur warrior!
The centaur warrior dies!
Makhleb accepts your kill.
The centaur warrior shoots an arrow.
The arrow completely misses you.
Your cacodemon closely misses the centaur warrior.
Your cacodemon hits the centaur warrior!
Your cacodemon gestures at the centaur warrior.
The centaur warrior twists and deforms.
Which direction?
As you close the door, it creaks loudly!
A centaur warrior opens the door.
There is an open door here.
Things that are here:
a +0 scythe; a +0 robe You close the door.
A demon appears!
A centaur warrior opens the door.
You hear a grinding noise.
The centaur warrior shoots an arrow.
The arrow misses you.
The centaur warrior shoots an arrow.
The arrow barely misses your green death.
The arrow hits you!
You die...

##########################
#<.#.s+..#.)'..#__#..'..)#
#..'.s#.)@.2.c.'..'..#...#
#..#####'####.'#__####)..'
#..####..#...#2####§!#####
#..#__####..##.#≈≈§§§# ##
#..#_____##'#_c+≈§§c.+ #.
#⌠⌠#_.∩...'...2#§2cc§# #^
####_..__##_.#'§§§§### ##
#_____###'#[..)§)###
############...##'.##.##


You could see a centaur warrior (misshapen, ally target) and a friendly green
death (summoned).

Vanquished Creatures
  A hydra (D)
  Sonja (D)
  A deep troll (D)
  A lindwurm (D)
  A gargoyle (D)
  2 demonic crawlers (D)
  2 kobold demonologists (D)
  A slime creature (D)
  A yak (D)
  Sigmund (D)
  13 hogs (D)
  2 floating eyes (D)
  An ogre (D)
  A jelly (D)
  Ijyb (D)
30 creatures vanquished.

Vanquished Creatures (collateral kills)
  A centaur warrior (D)
1 creature vanquished.

Vanquished Creatures (others)
  2 hornets (D)
  2 ballistomycete spores (D)
4 creatures vanquished.

Grand Total: 35 creatures vanquished

Notes
Turn   | Place    | Note
-------+----------+-------------------------------------------
     0 | D        | Hipnos the Spriggan Enchanter began the quest for the Orb.
     0 | D        | Reached XP level 1. HP: 9/9 MP: 5/5
     1 | D        | Noticed Ijyb
    18 | D        | Killed Ijyb
    19 | D        | Reached skill level 7 in Stealth
    19 | D        | Reached skill level 5 in Hexes
    19 | D        | Reached XP level 2. HP: 8/14 MP: 5/7
    24 | D        | Learned a level 2 spell: Ensorcelled Hibernation
   156 | D        | Noticed an ogre
   159 | D        | Killed an ogre
   160 | D        | Reached skill level 10 in Stealth
   160 | D        | Reached XP level 3. HP: 17/17 MP: 7/9
   160 | D        | Reached XP level 4. HP: 21/21 MP: 8/11
   192 | D        | Learned a level 3 spell: Confusing Touch
   196 | D        | Learned a level 3 spell: Tukima's Dance
   196 | D        | Noticed Sigmund
   199 | D        | Killed Sigmund
   200 | D        | Reached skill level 1 in Fighting
   200 | D        | Reached skill level 5 in Dodging
   200 | D        | Reached skill level 13 in Stealth
   200 | D        | Reached skill level 5 in Spellcasting
   200 | D        | Reached XP level 5. HP: 25/25 MP: 11/13
   205 | D        | Learned a level 3 spell: Dazzling Flash
   215 | D        | Found a burning altar of Makhleb.
   215 | D        | Found a viscous altar of Jiyva.
   215 | D        | Found a shimmering altar of Xom.
   215 | D        | Found a corrupted altar of Lugonu.
   215 | D        | Noticed a slime creature
   229 | D        | Killed a slime creature
   230 | D        | Reached skill level 15 in Stealth
   230 | D        | Reached XP level 6. HP: 30/30 MP: 8/16
   239 | D        | Became a worshipper of Makhleb the Destroyer
   282 | D        | Found an ornate altar of the Wu Jian Council.
   282 | D        | Found a shimmering blue altar of Sif Muna.
   284 | D        | Found a radiant altar of Vehumet.
   291 | D        | Found Cijiudgho's Armour Emporium.
   291 | D        | Found an ancient bone altar of Kikubaaqudgha.
   291 | D        | Found a hazy altar of Hepliaklqana.
   291 | D        | Found a stormy altar of Qazlal.
   291 | D        | Found a hide-covered altar of Uskayaw.
   291 | D        | Found a blossoming altar of Fedhas.
   291 | D        | Found a bloodstained altar of Trog.
   291 | D        | Found an iron altar of Okawaru.
   291 | D        | Found a basalt altar of Yredelemnul.
   291 | D        | Found a glowing golden altar of the Shining One.
   291 | D        | Found a snail-covered altar of Cheibriados.
   291 | D        | Found a sacrificial altar of Ru.
   291 | D        | Found a glowing silver altar of Zin.
   291 | D        | Found a shadowy altar of Dithmenos.
   291 | D        | Found a white marble altar of Elyvilon.
   291 | D        | Noticed a yak
   292 | D        | Found an opulent altar of Gozag.
   293 | D        | Killed a yak
   294 | D        | Reached skill level 16 in Stealth
   294 | D        | Reached skill level 1 in Ice Magic
   294 | D        | Reached XP level 7. HP: 34/34 MP: 17/17
   294 | D        | Found a sparkling altar of Nemelex Xobeh.
   350 | D        | Noticed Sonja
   356 | D        | Killed Sonja
   356 | D        | Reached * piety under Makhleb
   357 | D        | Reached skill level 5 in Short Blades
   357 | D        | Reached skill level 18 in Stealth
   357 | D        | Reached skill level 10 in Hexes
   357 | D        | Reached XP level 8. HP: 23/39 MP: 16/20
   618 | D        | Found Zegung's Magic Scroll Boutique.
   638 | D        | Noticed a deep troll
   642 | D        | Killed a deep troll
   643 | D        | Reached skill level 19 in Stealth
   652 | D        | Found Meovadit's Armour Emporium.
   702 | D        | Noticed a kobold demonologist
   703 | D        | Noticed a kobold demonologist
   705 | D        | Reached ** piety under Makhleb
   706 | D        | Reached skill level 20 in Stealth
   707 | D        | Killed a kobold demonologist
   708 | D        | Reached XP level 9. HP: 43/43 MP: 20/22
   708 | D        | Killed a kobold demonologist
   709 | D        | Reached skill level 21 in Stealth
   710 | D        | Noticed a demonic crawler
   710 | D        | Noticed a demonic crawler
   710 | D        | Noticed a demonic crawler
   710 | D        | Noticed a demonic crawler
   712 | D        | Killed a demonic crawler
   712 | D        | Reached *** piety under Makhleb
   713 | D        | Killed a demonic crawler
   714 | D        | Reached skill level 22 in Stealth
  1177 | D        | Noticed a gargoyle
  1182 | D        | Killed a gargoyle
  1454 | D        | Noticed a lindwurm
  1457 | D        | Killed a lindwurm
  1458 | D        | Reached skill level 23 in Stealth
  1476 | D        | Reached **** piety under Makhleb
  1478 | D        | Reached skill level 1 in Invocations
  1478 | D        | Reached XP level 10. HP: 49/49 MP: 24/24
  1485 | D        | Reached ***** piety under Makhleb
  1494 | D        | Reached skill level 24 in Stealth
  1634 | D        | Noticed a 12-headed hydra
  1636 | D        | Killed a 12-headed hydra
  1636 | D        | Reached ****** piety under Makhleb
  1639 | D        | Reached skill level 10 in Spellcasting
  1639 | D        | Reached skill level 5 in Invocations
  1699 | D        | Noticed a centaur warrior
  1699 | D        | Noticed a centaur warrior
  1721 | D        | Killed a centaur warrior
  1731 | D        | Shot with an arrow by a centaur warrior

Illustrated notes

Levels and vault maps discovered:
D:        dungeon_sprint_1 [red_sonja_temple_1, red_sonja_temple_small_1]

Skill      XL: |  1  2  3  4  5  6  7  8  9 10 |
---------------+-------------------------------+-----
Dodging        | 3 4 5 6 7 8 9 |  9.1
Stealth        | 7 10 13 15 16 18 20 23 24 | 24.9
Spellcasting   | 3 4 5 6 7 8 9 10 | 10.1
Hexes          | 5 6 8 9 10 11 12 | 12.5
Short Blades   | 2 3 4 5 6 7 |  7.5
Fighting       | 1 2 3 4 |  4.1
Ice Magic      | 1 2 3 |  3.3
Invocations    | 1 5 |  5.2

Action                   |  1- 3 |  4- 6 |  7- 9 | 10-12 || total
-------------------------+-------+-------+-------+-------++-------
Melee: Dagger            |    15 |     4 |    27 |    25 ||    71
 Cast: Corona            |     1 |       |       |       ||     1
       Ensorcelled Hiber |       |     3 |     1 |    12 ||    16
       Dazzling Flash    |       |       |     3 |       ||     3
       Confusing Touch   |       |       |     2 |       ||     2
Invok: Greater Servant o |       |       |       |     2 ||     2
  Use: Potion            |       |       |     1 |       ||     1
       Scroll            |       |       |       |     1 ||     1
 Stab: Sleeping          |     2 |     4 |    11 |    12 ||    29
       Invisible         |       |       |     1 |       ||     1
Armor: Robe              |       |       |     1 |     1 ||     2
Dodge: Dodged            |    12 |       |    53 |    24 ||    89
